Checkers 2 vs Roadrunners

Created - 3 avril 2024 at 09:58

Goals
1 2 3 T
Checkers 2 0 3 0 3
Roadrunners 1 0 0 1
Shots
1 2 3 T
Checkers 2 4 10 6 20
Roadrunners 5 7 7 19

GoalsPenalties
1st period
1. Roadrunners , Linus Karlsson 1 (William Eklund 1, Jamieson Rees 3) at 19:45
Jake Christiansen (SEA) for Tripping (Minor) at 17:23
2nd period
2. Checkers 2 , Evgeny Svechnikov 1 (Parker Kelly 1, Joel Hanley 2) at 5:00
3. Checkers 2 , Hudson Fasching 1 (Evgeny Svechnikov 1, Jake Christiansen 1) at 19:09
4. Checkers 2 , Sheldon Dries 1 (Conor Timmins 1, Nathan Walker 2) at 19:52
Nathan Walker (SEA) for Interference (Minor) at 12:03
3rd period
No Goal
Ridly Greig (PHO) for Hooking (Minor) at 2:21
Goalie Stats
Antti Raanta (SEA), 18 saves from 19 shots - (0,947), W, 1-0-0, 60:00 minutes
Garrett Metcalf (PHO), 17 saves from 20 shots - (0,850), L, 1-2-0, 60:00 minutes
3 StarsOfficial
1 - Evgeny Svechnikov (SEA)
2 - Hudson Fasching (SEA)
3 - Sheldon Dries (SEA)
Referees : Carter Sandlak and Brandon Blandina
Linesman : Ryan Daisy and Libor Suchanek
Game Note
No Game Note



Team Name Goals Shots Shots Attemp Shots Blocked PIM HIT PP PK FO%
Checkers 2 3204154260 / 1 (0%)064%
Roadrunners 1193352160 / 2 (0%)036%

Checkers 2
Player Name POS G A P +/- PIM HIT SHT SB MP PP MP PP SHT PK MP PK SHT FO% FOT GA TA
Brett RitchieRW000-1062020:101:0400:0000% 000
Cale FleuryD000-1000114:560:4500:4400% 000
Colton WhiteD0000000022:011:0100:0000% 000
Conor TimminsD0112002023:040:5802:3200% 000
Evgeny SvechnikovLW/RW1122021017:470:0001:1300% 001
Hudson FaschingRW1012011015:230:0000:0000% 000
Jake ChristiansenD0112211018:510:0000:4200% 001
Joel HanleyD0111021225:471:1402:3200% 003
Joel KivirantaLW/RW0001040020:580:5501:490100% 200
Laurent DauphinC000-1032021:511:0401:49067% 1800
Max PaciorettyLW000-1033019:411:0400:0000% 100
Michael Del ZottoD000000001:080:0000:0000% 000
Nathan WalkerLW0111212115:470:5500:5610% 010
Parker KellyC/LW0112022118:360:0002:05033% 900
Scott HarringtonD0000001014:310:0001:2600% 000
Sheldon DriesC1011012019:200:5500:04083% 1200
Victor MeteD000000000:000:0000:0000% 000
Wayne SimmondsLW/RW000000006:090:0000:0000% 000
Roadrunners
Player Name POS G A P +/- PIM HIT SHT SB MP PP MP PP SHT PK MP PK SHT FO% FOT GA TA
Andy AndreoffC/LW000-1020019:291:4301:02047% 1700
Angus CrookshankLW000000007:001:2100:4800% 000
Bobby BrinkRW0000030115:350:0900:0000% 000
Cam DineenD0000000027:472:5801:1800% 000
Fredrik KarlstromC000000000:570:0000:1200% 000
Griffin LuceD000-2010121:151:4700:0000% 000
Jack DuganLW000000000:350:1500:1100% 000
Jamieson ReesC0111010015:070:1200:45033% 300
Julien GauthierRW000-1002023:392:1000:0000% 000
Kale ClagueLW000-2023023:032:0921:0000% 811
Linus KarlssonRW101-1013116:050:0000:0000% 010
Luke EvangelistaRW0000013022:381:3900:0000% 000
Mac HollowellD0000010014:181:0000:4100% 000
Reilly WalshD000-1010123:002:1101:1800% 000
Ridly GreigC/LW000-1211016:362:1610:00046% 1310
Ryan O'RourkeD000-1001015:170:0000:4100% 010
Samuel KnazkoD0000002018:290:0000:0000% 010
William EklundC/LW011-1024117:100:0000:0000% 100

Checkers 2

5 vs 5 Forward
Line #Left WingCenterRight WingPHYDFOFWanted %Time %Time Play
1Max PaciorettyLaurent DauphinBrett Ritchie0234035%19:01
2Nathan WalkerSheldon DriesJoel Kiviranta0233029%15:34
3Evgeny SvechnikovParker KellyHudson Fasching0322027%14:50
4Sheldon DriesJoel KivirantaWayne Simmonds032109%4:38
5 vs 5 Defense
Line #DefenseDefensePHYDFOFWanted %Time %Time Play
1Joel HanleyColton White0325039%21:15
2Conor TimminsJake Christiansen0323034%18:16
3Scott HarringtonCale Fleury0321024%12:51
4Joel HanleyConor Timmins032103%1:41
Power Play Forward
Line #Left WingCenterRight WingPHYDFOFWanted %Time %Time Play
1Max PaciorettyLaurent DauphinBrett Ritchie0236054%1:04
2Nathan WalkerSheldon DriesJoel Kiviranta0234046%0:55
Power Play Defense
Line #DefenseDefensePHYDFOFWanted %Time %Time Play
1Joel HanleyColton White0236051%1:01
2Conor TimminsJoel Hanley0234049%0:58
Penalty Kill 4 Players Forward
Line #CenterWingPHYDFOFWanted %Time %Time Play
1Laurent DauphinJoel Kiviranta0505047%1:53
2Parker KellyNathan Walker0505053%2:05
Penalty Kill 4 Players Defense
Line #DefenseDefensePHYDFOFWanted %Time %Time Play
1Joel HanleyConor Timmins1316064%2:32
2Scott HarringtonJake Christiansen1314036%1:26
Penalty Kill 3 Players
Line #WingPHYDFOFWanted %Time %Time PlayDefenseDefensePHYDFOFWanted %Time %Time Play
1Wayne Simmonds050600%0:00 Joel HanleyConor Timmins041600%0:00
2Hudson Fasching050400%0:00 Scott HarringtonJake Christiansen041400%0:00
4 vs 4 Forward
Line #CenterWingPHYDFOFWanted %Time %Time Play
1Laurent DauphinMax Pacioretty032500%0:00
2Sheldon DriesBrett Ritchie032500%0:00
4 vs 4 Defense
Line #DefensePHYDFOFWanted %Time %Time Play
1Joel HanleyColton White032600%0:00
2Conor TimminsJake Christiansen032400%0:00
Last Minutes Offensive
Left WingCenterRight WingDefenseDefense
Max PaciorettySheldon DriesBrett RitchieJoel HanleyColton White
Last Minutes Defensive
Left WingCenterRight WingDefenseDefense
Nathan WalkerLaurent DauphinJoel KivirantaConor TimminsScott Harrington
Time
Total ForwardTotal DefenseLast Minutes OffensiveLast Minutes Defensive
60:00 60:00 0:000:00
Extra Forwards
Normal PowerPlayPenalty Kill
Nathan Walker, Laurent Dauphin, Brett RitchieLaurent Dauphin, Brett RitchieNathan Walker
Extra Defensemen
Normal PowerPlayPenalty Kill
Joel Hanley, Conor Timmins, Scott HarringtonJoel Hanley, Conor TimminsScott Harrington
Penalty Shots
Max Pacioretty, Sheldon Dries, Brett Ritchie, Nathan Walker, Laurent Dauphin
Goalie
Antti Raanta, David Rittich
Scratches
Gage Quinney (Healthy), Alex Galchenyuk (Healthy), Xavier Ouellet (Healthy), Jeremy Davies (Healthy), Martin Kaut (Healthy) Mikhail Maltsev (Healthy), Noah Juulsen (Healthy), Alex Belzile (Healthy), Nate Thompson (Healthy), Jan Mysak (Healthy) Radim Zohorna (Healthy), Patrick Guay (Healthy), Pavel Francouz (Healthy), Maxime Lagace (Healthy), Zach Sawchenko (Healthy)

Roadrunners

5 vs 5 Forward
Line #Left WingCenterRight WingPHYDFOFWanted %Time %Time Play
1Kale ClagueRidly GreigJulien Gauthier1224027%14:49
2Julien GauthierAndy AndreoffLuke Evangelista1223024%12:46
3William EklundKale ClagueLinus Karlsson1222026%13:49
4Luke EvangelistaJamieson ReesBobby Brink1221023%12:39
5 vs 5 Defense
Line #DefenseDefensePHYDFOFWanted %Time %Time Play
1Cam DineenReilly Walsh1314033%17:37
2Cam DineenRyan O'Rourke2213027%14:43
3Griffin LuceSamuel Knazko1222032%17:23
4Cam DineenMac Hollowell122108%4:20
Power Play Forward
Line #Left WingCenterRight WingPHYDFOFWanted %Time %Time Play
1Kale ClagueRidly GreigJulien Gauthier0146058%2:19
2Kale ClagueAndy AndreoffLuke Evangelista0144042%1:39
Power Play Defense
Line #DefenseDefensePHYDFOFWanted %Time %Time Play
1Cam DineenReilly Walsh0146055%2:11
2Cam DineenGriffin Luce0144045%1:47
Penalty Kill 4 Players Forward
Line #CenterWingPHYDFOFWanted %Time %Time Play
1Ridly GreigKale Clague13160100%1:59
2Andy AndreoffRidly Greig131400%0:00
Penalty Kill 4 Players Defense
Line #DefenseDefensePHYDFOFWanted %Time %Time Play
1Cam DineenReilly Walsh2306066%1:18
2Cam DineenRyan O'Rourke2304034%0:41
Penalty Kill 3 Players
Line #WingPHYDFOFWanted %Time %Time PlayDefenseDefensePHYDFOFWanted %Time %Time Play
1Ridly Greig050600%0:00 Cam DineenReilly Walsh140600%0:00
2Andy Andreoff050400%0:00 Cam DineenSamuel Knazko140400%0:00
4 vs 4 Forward
Line #CenterWingPHYDFOFWanted %Time %Time Play
1Ridly GreigKale Clague122600%0:00
2Andy AndreoffKale Clague122400%0:00
4 vs 4 Defense
Line #DefensePHYDFOFWanted %Time %Time Play
1Cam DineenSamuel Knazko122600%0:00
2Cam DineenMac Hollowell122400%0:00
Last Minutes Offensive
Left WingCenterRight WingDefenseDefense
Kale ClagueRidly GreigJulien GauthierCam DineenReilly Walsh
Last Minutes Defensive
Left WingCenterRight WingDefenseDefense
Kale ClagueRidly GreigJulien GauthierCam DineenReilly Walsh
Time
Total ForwardTotal DefenseLast Minutes OffensiveLast Minutes Defensive
60:00 60:00 0:000:00
Extra Forwards
Normal PowerPlayPenalty Kill
William Eklund, Andy Andreoff, Linus KarlssonJulien Gauthier, Andy AndreoffRidly Greig
Extra Defensemen
Normal PowerPlayPenalty Kill
Cam Dineen, Reilly Walsh, Samuel KnazkoCam Dineen, Ryan O'RourkeCam Dineen
Penalty Shots
Julien Gauthier, Kale Clague, Luke Evangelista, Ridly Greig, Andy Andreoff
Goalie
Garrett Metcalf, Daniil Chechelev
Scratches
Jake Massie (Healthy), Anders Bjork (Healthy), Trey Fix-Wolansky (Strained Left Elbow Injury), Brayden Tracey (Healthy), Evan Barratt (Healthy) Grant Mismash (Healthy), Brad Lambert (Healthy), Brendan Brisson (Healthy), Ethan Frisch (Healthy), Ivan Morozov (Healthy) Josh Doan (Healthy), Karl Henriksson (Healthy), Nick Abruzzese (Healthy), Darion Hanson (Healthy)


Play-by-Play

1st period


0:01 of 1st period - Ridly Greig wins face-off versus Laurent Dauphin in neutral zone.
0:35 of 1st period - Snap shot by Luke Evangelista.
0:35 of 1st period - Stopped by Antti Raanta without a rebound.
0:36 of 1st period - Andy Andreoff wins face-off versus Parker Kelly in Checkers 2 zone.
1:16 of 1st period - William Eklund is hit by Sheldon Dries.
1:43 of 1st period - Snap shot by Julien Gauthier.
1:43 of 1st period - Shot Blocked by Joel Hanley.
2:05 of 1st period - Wrist shot by Hudson Fasching.
2:05 of 1st period - Deflect By Evgeny Svechnikov.
2:05 of 1st period - Shot Misses the Net.
2:05 of 1st period - Puck is out of play.
2:06 of 1st period - Sheldon Dries wins face-off versus Ridly Greig in Roadrunners zone.
2:51 of 1st period - Snap shot by Brett Ritchie.
2:51 of 1st period - Stopped by Garrett Metcalf with a rebound.
2:53 of 1st period - Wrist shot by Laurent Dauphin.
2:53 of 1st period - Shot Misses the Net.
4:34 of 1st period - Icing by Joel Kiviranta.
4:35 of 1st period - Sheldon Dries wins face-off versus Kale Clague in Checkers 2 zone.
6:47 of 1st period - Luke Evangelista is hit by Parker Kelly and loses puck.
8:07 of 1st period - Julien Gauthier is hit by Jake Christiansen and loses puck.
8:25 of 1st period - Icing by Ridly Greig.
8:26 of 1st period - Joel Kiviranta wins face-off versus Andy Andreoff in Roadrunners zone.
8:45 of 1st period - Kale Clague is hit by Laurent Dauphin and loses puck.
8:57 of 1st period - Snap shot by Brett Ritchie.
8:57 of 1st period - Shot Misses the Net.
9:45 of 1st period - Laurent Dauphin is hit by Andy Andreoff and loses puck.
9:56 of 1st period - Slapshot by Brett Ritchie.
9:56 of 1st period - Stopped by Garrett Metcalf with a rebound.
13:04 of 1st period - Icing by Kale Clague.
13:05 of 1st period - Ridly Greig wins face-off versus Parker Kelly in Roadrunners zone.
13:46 of 1st period - Kale Clague is hit by Nathan Walker and loses puck.
13:59 of 1st period - Wrist shot by Linus Karlsson.
13:59 of 1st period - Stopped by Antti Raanta with a rebound.
14:01 of 1st period - Slapshot by Griffin Luce.
14:01 of 1st period - Shot Blocked by Parker Kelly.
14:03 of 1st period - Snap shot by William Eklund.
14:03 of 1st period - Stopped by Antti Raanta with a rebound.
15:50 of 1st period - Icing by Bobby Brink.
15:51 of 1st period - Andy Andreoff wins face-off versus Laurent Dauphin in Roadrunners zone.
16:02 of 1st period - Wrist shot by Evgeny Svechnikov.
16:02 of 1st period - Shot Misses the Net.
16:04 of 1st period - Snap shot by Parker Kelly.
16:04 of 1st period - Shot Misses the Net.
16:06 of 1st period - Snap shot by Jake Christiansen.
16:06 of 1st period - Shot Misses the Net.
16:08 of 1st period - Slapshot by Conor Timmins.
16:08 of 1st period - Stopped by Garrett Metcalf with a rebound.
16:35 of 1st period - Bobby Brink is hit by Brett Ritchie and loses puck.
16:48 of 1st period - Wrist shot by Linus Karlsson.
16:48 of 1st period - Shot Misses the Net.
16:50 of 1st period - Slapshot by Samuel Knazko.
16:50 of 1st period - Shot Blocked by Cale Fleury.
17:08 of 1st period - Cam Dineen is hit by Brett Ritchie and loses puck.
17:23 of 1st period - Minor Penalty to Jake Christiansen for Tripping.
17:24 of 1st period - Laurent Dauphin wins face-off versus Ridly Greig in Checkers 2 zone.
17:24 of 1st period - Laurent Dauphin is hit by Kale Clague.
18:16 of 1st period - Slapshot by Nathan Walker.
18:16 of 1st period - Stopped by Garrett Metcalf with a rebound.
19:23 of 1st period - Penalty to Jake Christiansen is over, Jake Christiansen is back on ice.
19:33 of 1st period - Icing by Colton White.
19:34 of 1st period - Sheldon Dries wins face-off versus Jamieson Rees in Checkers 2 zone.
19:43 of 1st period - Wrist shot by William Eklund.
19:43 of 1st period - Stopped by Antti Raanta with a rebound.
19:45 of 1st period - Wrist shot by Linus Karlsson.
19:45 of 1st period - Goal by Linus Karlsson - Checkers 2 : 0 - Roadrunners : 1.
19:46 of 1st period - Andy Andreoff wins face-off versus Sheldon Dries in neutral zone.
Goals for this period are 0 for Checkers 2 vs 1 for Roadrunners.
Shots for this period are 4 for Checkers 2 vs 5 for Roadrunners.

2nd period


0:01 of 2nd period - Sheldon Dries wins face-off versus Andy Andreoff in neutral zone.
1:02 of 2nd period - Jamieson Rees is hit by Evgeny Svechnikov.
1:46 of 2nd period - William Eklund is hit by Joel Kiviranta.
1:50 of 2nd period - Nathan Walker is hit by Linus Karlsson and loses puck.
2:01 of 2nd period - Snap shot by Jamieson Rees.
2:01 of 2nd period - Shot Misses the Net.
2:31 of 2nd period - Snap shot by Evgeny Svechnikov.
2:31 of 2nd period - Shot Misses the Net.
4:50 of 2nd period - Icing by Ryan O'Rourke.
4:51 of 2nd period - Jamieson Rees wins face-off versus Parker Kelly in Roadrunners zone.
5:00 of 2nd period - Snap shot by Evgeny Svechnikov.
5:00 of 2nd period - Goal by Evgeny Svechnikov - Checkers 2 : 1 - Roadrunners : 1.
5:01 of 2nd period - Laurent Dauphin wins face-off versus Andy Andreoff in neutral zone.
5:16 of 2nd period - Luke Evangelista is hit by Brett Ritchie and loses puck.
5:33 of 2nd period - Snap shot by Kale Clague.
5:33 of 2nd period - Shot Misses the Net.
5:39 of 2nd period - Slapshot by Joel Hanley.
5:39 of 2nd period - Stopped by Garrett Metcalf with a rebound.
5:49 of 2nd period - Snap shot by Parker Kelly.
5:49 of 2nd period - Stopped by Garrett Metcalf with a rebound.
5:59 of 2nd period - Jake Christiansen is hit by Bobby Brink and loses puck.
6:10 of 2nd period - Samuel Knazko is hit by Brett Ritchie and loses puck.
6:33 of 2nd period - Snap shot by Laurent Dauphin.
6:33 of 2nd period - Shot Blocked by Griffin Luce.
6:35 of 2nd period - Slapshot by Scott Harrington.
6:35 of 2nd period - Stopped by Garrett Metcalf with a rebound.
6:52 of 2nd period - Ryan O'Rourke is hit by Hudson Fasching and loses puck.
7:03 of 2nd period - Joel Kiviranta is hit by Andy Andreoff and loses puck.
7:14 of 2nd period - Griffin Luce is hit by Max Pacioretty and loses puck.
7:23 of 2nd period - Laurent Dauphin is hit by Mac Hollowell and loses puck.
7:52 of 2nd period - Kale Clague is hit by Evgeny Svechnikov.
8:07 of 2nd period - Sheldon Dries is hit by Bobby Brink and loses puck.
8:12 of 2nd period - Wrist shot by Luke Evangelista.
8:12 of 2nd period - Stopped by Antti Raanta without a rebound.
8:13 of 2nd period - Sheldon Dries wins face-off versus Jamieson Rees in Checkers 2 zone.
8:18 of 2nd period - Wrist shot by Jamieson Rees.
8:18 of 2nd period - Shot Misses the Net.
8:20 of 2nd period - Wrist shot by Jamieson Rees.
8:20 of 2nd period - Shot Misses the Net.
8:22 of 2nd period - Slapshot by Ryan O'Rourke.
8:22 of 2nd period - Stopped by Antti Raanta without a rebound.
8:23 of 2nd period - Laurent Dauphin wins face-off versus Kale Clague in Checkers 2 zone.
9:31 of 2nd period - Slapshot by Jake Christiansen.
9:31 of 2nd period - Stopped by Garrett Metcalf with a rebound.
9:33 of 2nd period - Snap shot by Max Pacioretty.
9:33 of 2nd period - Stopped by Garrett Metcalf with a rebound.
10:43 of 2nd period - Wrist shot by Wayne Simmonds.
10:43 of 2nd period - Shot Misses the Net.
11:11 of 2nd period - Conor Timmins is hit by William Eklund and loses puck.
11:22 of 2nd period - Bobby Brink is hit by Max Pacioretty and loses puck.
11:52 of 2nd period - Wrist shot by Evgeny Svechnikov.
11:52 of 2nd period - Shot Misses the Net.
12:03 of 2nd period - Minor Penalty to Nathan Walker for Interference.
12:04 of 2nd period - Ridly Greig wins face-off versus Parker Kelly in Checkers 2 zone.
12:04 of 2nd period - Wrist shot by Kale Clague.
12:04 of 2nd period - Stopped by Antti Raanta without a rebound.
12:05 of 2nd period - Parker Kelly wins face-off versus Ridly Greig in Checkers 2 zone.
12:36 of 2nd period - Snap shot by Ridly Greig.
12:36 of 2nd period - Shot Misses the Net.
12:38 of 2nd period - Slapshot by Kale Clague.
12:38 of 2nd period - Stopped by Antti Raanta with a rebound.
12:40 of 2nd period - Slapshot by Ridly Greig.
12:40 of 2nd period - Deflect By Joel Hanley.
12:40 of 2nd period - Stopped by Antti Raanta without a rebound.
12:41 of 2nd period - Laurent Dauphin wins face-off versus Andy Andreoff in Checkers 2 zone.
13:06 of 2nd period - Ridly Greig is hit by Joel Kiviranta and loses puck.
14:02 of 2nd period - Parker Kelly is hit by Ridly Greig and loses puck.
14:03 of 2nd period - Penalty to Nathan Walker is over, Nathan Walker is back on ice.
14:13 of 2nd period - Snap shot by Joel Hanley.
14:13 of 2nd period - Shot Misses the Net.
14:15 of 2nd period - Slapshot by Laurent Dauphin.
14:15 of 2nd period - Stopped by Garrett Metcalf with a rebound.
14:17 of 2nd period - Wrist shot by Max Pacioretty.
14:17 of 2nd period - Deflect By Brett Ritchie.
14:17 of 2nd period - Shot Blocked by Bobby Brink.
14:17 of 2nd period - Puck is out of play.
14:18 of 2nd period - Laurent Dauphin wins face-off versus Kale Clague in Roadrunners zone.
14:21 of 2nd period - Wrist shot by Max Pacioretty.
14:21 of 2nd period - Stopped by Garrett Metcalf with a rebound.
14:23 of 2nd period - Wrist shot by Scott Harrington.
14:23 of 2nd period - Shot Blocked by William Eklund.
14:27 of 2nd period - Snap shot by Max Pacioretty.
14:27 of 2nd period - Shot Blocked by Linus Karlsson.
14:37 of 2nd period - Nathan Walker is hit by Luke Evangelista and loses puck.
15:05 of 2nd period - Icing by William Eklund.
15:06 of 2nd period - Sheldon Dries wins face-off versus Andy Andreoff in Roadrunners zone.
15:31 of 2nd period - Kale Clague is hit by Joel Hanley and loses puck.
15:56 of 2nd period - Icing by Samuel Knazko.
15:57 of 2nd period - Laurent Dauphin wins face-off versus Andy Andreoff in Roadrunners zone.
16:13 of 2nd period - Icing by Andy Andreoff.
16:14 of 2nd period - Andy Andreoff wins face-off versus Sheldon Dries in Roadrunners zone.
16:14 of 2nd period - Andy Andreoff is hit by Joel Kiviranta.
16:44 of 2nd period - Wrist shot by Luke Evangelista.
16:44 of 2nd period - Shot Blocked by Joel Hanley.
16:46 of 2nd period - Snap shot by Andy Andreoff.
16:46 of 2nd period - Shot Hit the Post.
16:48 of 2nd period - Slapshot by Samuel Knazko.
16:48 of 2nd period - Deflect By Julien Gauthier.
16:48 of 2nd period - Stopped by Antti Raanta without a rebound.
16:49 of 2nd period - Laurent Dauphin wins face-off versus Kale Clague in Checkers 2 zone.
18:06 of 2nd period - Slapshot by Laurent Dauphin.
18:06 of 2nd period - Shot Misses the Net.
18:22 of 2nd period - Ryan O'Rourke is hit by Laurent Dauphin and loses puck.
19:05 of 2nd period - Wrist shot by Evgeny Svechnikov.
19:05 of 2nd period - Shot Misses the Net.
19:07 of 2nd period - Slapshot by Hudson Fasching.
19:07 of 2nd period - Shot Blocked by Reilly Walsh.
19:09 of 2nd period - Slapshot by Hudson Fasching.
19:09 of 2nd period - Goal by Hudson Fasching - Checkers 2 : 2 - Roadrunners : 1.
19:10 of 2nd period - Andy Andreoff wins face-off versus Laurent Dauphin in neutral zone.
19:38 of 2nd period - Snap shot by Kale Clague.
19:38 of 2nd period - Deflect By Linus Karlsson.
19:38 of 2nd period - Stopped by Antti Raanta without a rebound.
19:39 of 2nd period - Sheldon Dries wins face-off versus Kale Clague in Checkers 2 zone.
19:50 of 2nd period - Snap shot by Sheldon Dries.
19:50 of 2nd period - Shot Misses the Net.
19:52 of 2nd period - Wrist shot by Conor Timmins.
19:52 of 2nd period - Deflect By Sheldon Dries.
19:52 of 2nd period - Goal by Sheldon Dries - Checkers 2 : 3 - Roadrunners : 1.
19:53 of 2nd period - Laurent Dauphin wins face-off versus Ridly Greig in neutral zone.
19:58 of 2nd period - Snap shot by Brett Ritchie.
19:58 of 2nd period - Shot Misses the Net.
Goals for this period are 3 for Checkers 2 vs 0 for Roadrunners.
Shots for this period are 10 for Checkers 2 vs 7 for Roadrunners.

3rd period


0:01 of 3rd period - Ridly Greig wins face-off versus Max Pacioretty in neutral zone.
1:10 of 3rd period - Wrist shot by Conor Timmins.
1:10 of 3rd period - Stopped by Garrett Metcalf with a rebound.
1:34 of 3rd period - Cam Dineen is hit by Joel Kiviranta and loses puck.
1:44 of 3rd period - Icing by Joel Hanley.
1:45 of 3rd period - Joel Kiviranta wins face-off versus Kale Clague in Checkers 2 zone.
2:06 of 3rd period - Slapshot by Samuel Knazko.
2:06 of 3rd period - Stopped by Antti Raanta without a rebound.
2:07 of 3rd period - Andy Andreoff wins face-off versus Parker Kelly in Checkers 2 zone.
2:08 of 3rd period - Snap shot by Julien Gauthier.
2:08 of 3rd period - Stopped by Antti Raanta without a rebound.
2:09 of 3rd period - Andy Andreoff wins face-off versus Parker Kelly in Checkers 2 zone.
2:14 of 3rd period - Wrist shot by Julien Gauthier.
2:14 of 3rd period - Deflect By Luke Evangelista.
2:14 of 3rd period - Stopped by Antti Raanta without a rebound.
2:15 of 3rd period - Laurent Dauphin wins face-off versus Ridly Greig in Checkers 2 zone.
2:21 of 3rd period - Minor Penalty to Ridly Greig for Hooking.
2:22 of 3rd period - Andy Andreoff wins face-off versus Laurent Dauphin in Roadrunners zone.
2:42 of 3rd period - Andy Andreoff is hit by Brett Ritchie and loses puck.
4:21 of 3rd period - Penalty to Ridly Greig is over, Ridly Greig is back on ice.
4:39 of 3rd period - Wrist shot by Parker Kelly.
4:39 of 3rd period - Stopped by Garrett Metcalf without a rebound.
4:40 of 3rd period - Parker Kelly wins face-off versus William Eklund in Roadrunners zone.
5:09 of 3rd period - Snap shot by William Eklund.
5:09 of 3rd period - Stopped by Antti Raanta with a rebound.
5:11 of 3rd period - Slapshot by Cam Dineen.
5:11 of 3rd period - Deflect By William Eklund.
5:11 of 3rd period - Stopped by Antti Raanta with a rebound.
5:13 of 3rd period - Snap shot by William Eklund.
5:13 of 3rd period - Shot Misses the Net.
5:15 of 3rd period - Slapshot by Luke Evangelista.
5:15 of 3rd period - Shot Misses the Net.
5:17 of 3rd period - Slapshot by Samuel Knazko.
5:17 of 3rd period - Stopped by Antti Raanta without a rebound.
5:18 of 3rd period - Ridly Greig wins face-off versus Laurent Dauphin in Checkers 2 zone.
5:58 of 3rd period - Icing by Griffin Luce.
5:59 of 3rd period - Laurent Dauphin wins face-off versus Kale Clague in Roadrunners zone.
6:00 of 3rd period - Snap shot by Max Pacioretty.
6:00 of 3rd period - Stopped by Garrett Metcalf without a rebound.
6:01 of 3rd period - Ridly Greig wins face-off versus Laurent Dauphin in Roadrunners zone.
6:01 of 3rd period - Ridly Greig is hit by Laurent Dauphin.
6:16 of 3rd period - Off-side.
6:17 of 3rd period - Sheldon Dries wins face-off versus Andy Andreoff in neutral zone.
6:22 of 3rd period - Icing by Julien Gauthier.
6:23 of 3rd period - Sheldon Dries wins face-off versus Andy Andreoff in Roadrunners zone.
6:48 of 3rd period - Snap shot by Sheldon Dries.
6:48 of 3rd period - Stopped by Garrett Metcalf with a rebound.
6:54 of 3rd period - Slapshot by Nathan Walker.
6:54 of 3rd period - Stopped by Garrett Metcalf without a rebound.
6:55 of 3rd period - Laurent Dauphin wins face-off versus Kale Clague in Roadrunners zone.
7:10 of 3rd period - Wrist shot by Max Pacioretty.
7:10 of 3rd period - Deflect By Brett Ritchie.
7:10 of 3rd period - Shot Misses the Net.
7:10 of 3rd period - Puck is out of play.
7:11 of 3rd period - Sheldon Dries wins face-off versus Ridly Greig in Roadrunners zone.
7:14 of 3rd period - Wrist shot by Joel Kiviranta.
7:14 of 3rd period - Shot Misses the Net.
7:25 of 3rd period - Wrist shot by Kale Clague.
7:25 of 3rd period - Stopped by Antti Raanta with a rebound.
7:27 of 3rd period - Slapshot by Cam Dineen.
7:27 of 3rd period - Shot Blocked by Nathan Walker.
8:12 of 3rd period - Wayne Simmonds is hit by Griffin Luce and loses puck.
8:33 of 3rd period - Brett Ritchie is hit by Reilly Walsh and loses puck.
8:46 of 3rd period - William Eklund is hit by Parker Kelly and loses puck.
8:59 of 3rd period - Ridly Greig is hit by Max Pacioretty and loses puck.
9:04 of 3rd period - Snap shot by Laurent Dauphin.
9:04 of 3rd period - Stopped by Garrett Metcalf without a rebound.
9:05 of 3rd period - Laurent Dauphin wins face-off versus Ridly Greig in Roadrunners zone.
9:28 of 3rd period - Conor Timmins is hit by Jamieson Rees and loses puck.
9:55 of 3rd period - Max Pacioretty is hit by Kale Clague and loses puck.
12:31 of 3rd period - Luke Evangelista is hit by Brett Ritchie and loses puck.
12:54 of 3rd period - Parker Kelly is hit by William Eklund and loses puck.
16:14 of 3rd period - Joel Kiviranta is hit by Bobby Brink and loses puck.
17:14 of 3rd period - Icing by Griffin Luce.
17:15 of 3rd period - Parker Kelly wins face-off versus Andy Andreoff in Roadrunners zone.
19:42 of 3rd period - Ryan O'Rourke is hit by Joel Hanley.
Goals for this period are 0 for Checkers 2 vs 0 for Roadrunners.
Shots for this period are 6 for Checkers 2 vs 7 for Roadrunners.